 Dungeon Sprint DCSS version 0.19.5 (webtiles) character file.

14143 Groucho the Imperceptible (level 11, 60/60 (61) HPs)
             Began as a Felid Berserker on May 22, 2017.
             Was the Champion of Trog.
             Got out of the dungeon alive.
             The game lasted 00:18:18 (5783 turns).

Groucho the Imperceptible (Felid Berserker)         Turns: 5783, Time: 00:18:18

HP:   60/60 (61)    AC:  3    Str: 13    XL:     11   Next: 84%
MP:   12/12         EV: 36    Int:  8    God:    Trog [******]
Gold: 3799          SH:  0    Dex: 21    Spells: 0 memorised, 10 levels left
                                        Lives: 0   Deaths: 3

rFire  + . .     SeeInvis +       - Unarmed
rCold  + . .     Gourm    .     (armour unavailable)
rNeg   . . .     Faith    .     (shield unavailable)
rPois  +         Spirit   .     (helmet unavailable)
rElec  .         Reflect  .     (cloak unavailable)
rCorr  .         Harm     .     (gloves unavailable)
MR     +....     NoTele   +     (boots unavailable)
Stlth  +++++++++.               (no amulet)
                                m - ring of protection from fire
                                l - ring of poison resistance

@: quick
A: no armour, no weapons or thrown items, stealth, claws 1, fangs 3, see
invisible, carnivore 3, deterioration 1, speed 1, shaggy fur 3, slow metabolism
1, no device heal 1, sharp paws
a: Berserk, Trog's Hand, Brothers in Arms, Burn Spellbooks, Renounce Religion


You escaped.
You worshipped Trog.
Trog was exalted by your worship.
You were not hungry.

You visited 1 branch You collected 5582 gold pieces.
You spent 1783 gold pieces at shops.

Inventory:

Jewellery
 h - an uncursed ring of flight
 l - a ring of poison resistance (left paw)
 m - a ring of protection from fire (right paw)
 n - the amulet "Goaxoar" {Gourm rC+ Int+2 Dex+4}
   (You bought it in a shop in the Dungeon)

   [amulet of the gourmand]

   It allows you to eat raw meat even when not hungry.
   It affects your intelligence (+2).
   It affects your dexterity (+4).
   It protects you from cold.
 p - an uncursed ring of protection from cold {unknown}
 q - an uncursed ring of see invisible {unknown}
 t - the amulet of Ymmium {RegenMP rElec MR- Str+6}
   (You found it in the Dungeon)

   [amulet of magic regeneration]

   It increases your magic regeneration.
   It affects your strength (+6).
   It insulates you from electricity.
   It affects your resistance to hostile enchantments.
Wands
 g - a wand of enslavement (4/24)
 k - a wand of flame (30/48)
 o - a wand of flame (26/48)
Potions
 b - 3 potions of curing
 d - a potion of agility {unknown}
 e - 2 potions of magic
 f - a potion of berserk rage
 r - a potion of brilliance
 s - a potion of beneficial mutation {unknown}
Comestibles
 a - a meat ration


   Skills:
 + Level 15.4 Fighting
 + Level 19.2 Dodging
 - Level 22.3 Stealth
 * Level 20.5 Unarmed Combat


You had 10 spell levels left.
You didn't know any spells.

Dungeon Overview and Level Annotations

Branches:
Dungeon (1/1)

Altars:
Cheibriados
Dithmenos
Elyvilon
Fedhas
Gozag
Hepliaklqana
Kikubaaqudgha
Makhleb
Nemelex Xobeh
Okawaru
Qazlal
Ru
Sif Muna
Trog
Uskayaw
Vehumet
Xom
Yredelemnul
Zin
The Shining One
Jiyva
Lugonu

Shops:
D [*(:==***?**!}=%[[![?%

Annotations:
D Tiamat


Innate Abilities, Weirdness & Mutations

You cannot wear armour.
You are incapable of wielding weapons or throwing items.
Your paws allow you to move quietly. (Stealth)
You have sharp claws.
You have razor-sharp teeth.
You have supernaturally acute eyesight. (SInv)
You are carnivorous and can eat meat at any time.
You cover ground quickly.
Your thick and shaggy fur keeps you warm. (AC +3, rC+)
You have a slow metabolism.
Your sharp claws are effective at attacking unaware monsters.
Your body sometimes deteriorates upon taking damage.
Potions and wands are less effective at restoring your health.


Message History

Really walk into a travel-excluded area?
Okay, then.
Unknown command.
There is an open door here.
There is an open door, spattered with blood here.
There is an open door here.
There is an open door here.
There is an open door here.
There is an open door here.
There is an open door here.
There is an open door here.
Things that are here:
a robe; a scythe
There is an open door here.
There is an open door here.
You see here a dagger.
There is an open door here.
There is a staircase leading out of the dungeon here.
Are you sure you want to leave the Dungeon?
This will make you lose the game!
You have escaped!

##################
#@.#.)'..#.['..#__
#..'.)#..'..#..'..
#..#####+#####'#__
#..##*#..#...#.###
#..#__####..##%#≈≈
#..#_____##'#..§§§
#⌠⌠#_.∩...'..§_#§§
####_..__##_.#'##§
*,,#_____*##+#.#[(


There were no monsters in sight!

Vanquished Creatures
  the Lernaean hydra (D)
  A golden dragon (D)
  A deep elf master archer (D)
  A shadow dragon (D)
  A deep elf annihilator (D)
  A lorocyproca (D)
  A mummy priest (D)
  A hydra (D)
  2 centaur warriors (D)
  Sonja (D)
  7 unseen horrors (D)
  A deep troll (D)
  A lindwurm (D)
  2 oklob plants (D)
  A siren (D)
  A gargoyle (D)
  A hellwing (D)
  4 demonic crawlers (D)
  2 kobold demonologists (D)
  2 hornets (D)
  A slime creature (D)
  Sigmund (D)
  13 hogs (D)
  2 redbacks (D)
  A yak (D)
  3 floating eyes (D)
  7 necrophages (D)
  An ogre (D)
  8 jellies (D)
  Ijyb (D)
  5 ballistomycetes (D)
76 creatures vanquished.

Vanquished Creatures (collateral kills)
  4 fire giants (D)
  8 shining eyes (D)
  A siren (D)
  A hornet (D)
  4 floating eyes (D)
18 creatures vanquished.

Vanquished Creatures (others)
  A gargoyle (D)
  2 hornets (D)
  2 ballistomycete spores (D)
5 creatures vanquished.

Grand Total: 99 creatures vanquished

Notes
Turn   | Place    | Note
-------+----------+-------------------------------------------
     0 | D        | Groucho the Felid Berserker began the quest for the Orb.
     0 | D        | Reached XP level 1. HP: 10/10 MP: 2/2
     2 | D        | Noticed Ijyb
     5 | D        | Killed Ijyb
     5 | D        | Reached skill level 8 in Stealth
     5 | D        | Reached XP level 2. HP: 14/14 MP: 3/3
   189 | D        | Noticed an ogre
   197 | D        | Killed an ogre
   197 | D        | Reached skill level 12 in Stealth
   197 | D        | Reached XP level 3. HP: 8/17 MP: 4/4
   197 | D        | Reached XP level 4. HP: 10/21 MP: 5/5
   544 | D        | Killed a gargoyle
   567 | D        | Killed a hornet
   580 | D        | Noticed Sigmund
   580 | D        | Killed a hornet
   582 | D        | Killed Sigmund
   582 | D        | Reached ** piety under Trog
   582 | D        | Reached skill level 16 in Stealth
   582 | D        | Reached XP level 5. HP: 24/24 MP: 6/6
   595 | D        | Found a deep blue altar of Sif Muna.
   597 | D        | Found a radiant altar of Vehumet.
   601 | D        | Gained mutation: You are covered in thick fur. (AC +2) [Felid growth]
   601 | D        | Reached XP level 6. HP: 28/28 MP: 7/7
   603 | D        | Found Waizxaa's Book Emporium.
   603 | D        | Found an ancient bone altar of Kikubaaqudgha.
   603 | D        | Found a hazy altar of Hepliaklqana.
   603 | D        | Found a stormy altar of Qazlal.
   603 | D        | Found a hide-covered altar of Uskayaw.
   603 | D        | Found a blossoming altar of Fedhas.
   603 | D        | Found a bloodstained altar of Trog.
   603 | D        | Found an iron altar of Okawaru.
   603 | D        | Found a basalt altar of Yredelemnul.
   603 | D        | Found a glowing golden altar of the Shining One.
   603 | D        | Found a snail-covered altar of Cheibriados.
   603 | D        | Found a sacrificial altar of Ru.
   603 | D        | Found a glowing silver altar of Zin.
   603 | D        | Found a shadowy altar of Dithmenos.
   603 | D        | Found a white marble altar of Elyvilon.
   603 | D        | Noticed a yak
   604 | D        | Found an opulent altar of Gozag.
   605 | D        | Killed a yak
   605 | D        | Reached skill level 18 in Stealth
   606 | D        | Found a sparkling altar of Nemelex Xobeh.
   649 | D        | Found a burning altar of Makhleb.
   649 | D        | Found a shimmering altar of Xom.
   649 | D        | Noticed a slime creature
   650 | D        | Found a viscous altar of Jiyva.
   650 | D        | Found a corrupted altar of Lugonu.
   652 | D        | Killed a slime creature
   652 | D        | Reached *** piety under Trog
   652 | D        | Reached skill level 19 in Stealth
   652 | D        | Reached XP level 7. HP: 31/31 MP: 8/8
   668 | D        | Noticed a kobold demonologist
   669 | D        | Noticed a kobold demonologist
   671 | D        | Reached skill level 20 in Stealth
   673 | D        | Killed a kobold demonologist
   673 | D        | Reached skill level 21 in Stealth
   675 | D        | Killed a kobold demonologist
   675 | D        | Reached **** piety under Trog
   675 | D        | Reached skill level 22 in Stealth
   675 | D        | Reached XP level 8. HP: 34/34 MP: 9/9
   715 | D        | Noticed a centaur warrior
   715 | D        | Noticed a centaur warrior
   716 | D        | Killed a centaur warrior
   716 | D        | Reached skill level 5 in Fighting
   718 | D        | Killed a centaur warrior
   718 | D        | Reached XP level 9. HP: 42/42 MP: 10/10
   926 | D        | Noticed an oklob plant
   928 | D        | Killed an oklob plant
   928 | D        | Reached skill level 10 in Unarmed Combat
   934 | D        | Reached ***** piety under Trog
   937 | D        | Reached skill level 10 in Dodging
   967 | D        | Noticed an unseen horror
   967 | D        | Noticed an unseen horror
   976 | D        | Killed an unseen horror
   976 | D        | Reached XP level 10. HP: 49/49 MP: 11/11
   982 | D        | Killed an unseen horror
  1253 | D        | Reached ****** piety under Trog
  1786 | D        | Found Duroetra's Assorted Antiques.
  1786 | D        | Found Affaguji's General Store.
  1786 | D        | Found Xusse's General Store.
  1788 | D        | Found Geph's Magic Scroll Emporium.
  1788 | D        | Found Watri Wiac's General Store.
  1788 | D        | Found Ykokh's Assorted Antiques.
  1788 | D        | Found Weroof's Distillery.
  1788 | D        | Found Rakhuil's Gadget Emporium.
  1788 | D        | Found Ganunoup's Jewellery Shop.
  1788 | D        | Found Heirato's Food Shoppe.
  1792 | D        | Found Tebar's Antique Armour Boutique.
  1795 | D        | Found Vurhas's Distillery.
  1795 | D        | Found Mur Vut's Antique Armour Boutique.
  1796 | D        | Found Wokhluny's Magic Scroll Emporium.
  1815 | D        | Bought a shiny ivory wand for 104 gold pieces
  1818 | D        | Bought an uncursed ring of flight for 245 gold pieces
  1869 | D        | Noticed a deep troll
  1871 | D        | Killed a deep troll
  1882 | D        | Found Hiwidas's Armour Emporium.
  1912 | D        | Noticed Sonja
  1918 | D        | Killed Sonja
  1918 | D        | Reached skill level 10 in Fighting
  1924 | D        | Killed by an exploding ballistomycete spore
  1925 | D        | Reached XP level 9. HP: -4/46 MP: 10/10
  2019 | D        | Found Hygenauc's Antique Armour Boutique.
  2034 | D        | Noticed a shining eye
  2034 | D        | Noticed a shining eye
  2034 | D        | Noticed a shining eye
  2034 | D        | Noticed a shining eye
  2034 | D        | Noticed a shining eye
  2034 | D        | Noticed a shining eye
  2036 | D        | Gained mutation: Your body sometimes deteriorates upon taking damage. [a shining eye]
  2036 | D        | Killed a shining eye
  2037 | D        | Gained mutation: Potions and wands are less effective at restoring your health. [a shining eye]
  2039 | D        | Killed a shining eye
  2042 | D        | Killed a shining eye
  2042 | D        | Reached XP level 10. HP: 51/51 MP: 11/11
  2043 | D        | Killed a shining eye
  2044 | D        | Paralysed by a floating eye for 4 turns
  2045 | D        | Killed a shining eye
  2045 | D        | Killed a shining eye
  2049 | D        | Noticed a shining eye
  2050 | D        | Noticed a shining eye
  2051 | D        | Killed a shining eye
  2053 | D        | Killed a shining eye
  2065 | D        | Found Tistrasche's Jewellery Shop.
  2065 | D        | Found Siaqeisch's General Store.
  2065 | D        | Found Qamotoepp's Jewellery Boutique.
  2065 | D        | Found Woffa's Antique Weapon Emporium.
  2135 | D        | Bought an ivory wand for 112 gold pieces
  2150 | D        | Bought an uncursed ring of poison resistance for 280 gold pieces
  2203 | D        | Bought an uncursed ring of protection from fire for 250 gold pieces
  2254 | D        | Bought the amulet "Goaxoar" {Gourm rC+ Int+2 Dex+4} for 792 gold pieces
  2321 | D        | Noticed a gargoyle
  2324 | D        | Killed a gargoyle
  2337 | D        | Noticed a lorocyproca
  2342 | D        | Killed a lorocyproca
  2342 | D        | Reached skill level 15 in Unarmed Combat
  2755 | D        | Noticed a lindwurm
  2757 | D        | Killed a lindwurm
  2779 | D        | Reached XP level 11. HP: 57/57 MP: 12/12
  2804 | D        | Reached skill level 15 in Dodging
  3051 | D        | Noticed a 12-headed hydra
  3053 | D        | Killed a 12-headed hydra
  3118 | D        | Noticed a shadow dragon
  3118 | D        | Noticed a golden dragon
  3123 | D        | Killed a shadow dragon
  3125 | D        | Killed a golden dragon
  3189 | D        | Found Vehepu's Food Shoppe.
  3248 | D        | Noticed a daeva
  3252 | D        | Noticed an unseen horror
  3252 | D        | Noticed an unseen horror
  3252 | D        | Noticed an unseen horror
  3252 | D        | Noticed an unseen horror
  3254 | D        | Killed an unseen horror
  3255 | D        | Noticed an unseen horror
  3256 | D        | Killed an unseen horror
  3256 | D        | Gained mutation: Your thick and shaggy fur keeps you warm. (AC +3, rC+) [Felid growth]
  3256 | D        | Reached XP level 12. HP: 41/63 MP: 13/13
  4117 | D        | Noticed a deep elf annihilator
  4166 | D        | Slain by a hellwing
  4167 | D        | Reached XP level 11. HP: -1/60 MP: 12/12
  4183 | D        | Noticed a jiangshi
  4187 | D        | HP: 1/90 [jiangshi[a mummy priest] (9)]
  4187 | D        | Killed from afar by a deep elf annihilator
  4188 | D        | Reached XP level 10. HP: -49/84 MP: 11/11
  4213 | D        | Killed a deep elf annihilator
  4281 | D        | Noticed a mummy priest
  4286 | D        | Noticed an oklob plant
  4291 | D        | Killed an oklob plant
  4293 | D        | Killed a mummy priest
  4293 | D        | Noticed a reaper
  4307 | D        | Got a transparent platinum amulet
  4312 | D        | Identified the amulet of Ymmium {RegenMP rElec MR- Str+6} (You found it in the Dungeon)
  4354 | D        | Noticed the 27-headed Lernaean hydra
  4358 | D        | Killed the 27-headed Lernaean hydra
  4358 | D        | Reached XP level 11. HP: 51/59 MP: 10/12
  4402 | D        | Noticed a deep elf master archer
  4405 | D        | Killed a deep elf master archer
  4405 | D        | Reached skill level 15 in Fighting
  5580 | D        | Noticed a fire giant
  5583 | D        | Noticed a fire giant
  5584 | D        | Noticed a fire giant
  5585 | D        | Noticed a fire giant
  5601 | D        | Killed a fire giant
  5609 | D        | Killed a fire giant
  5611 | D        | Killed a fire giant
  5612 | D        | Killed a fire giant
  5649 | D        | Noticed Tiamat
  5783 | D        | Got out of the dungeon alive.

Skill      XL: |  1  2  3  4  5  6  7  8  9 10 11 12 |
---------------+-------------------------------------+-----
Stealth        | 8 12 16 19 22 | 22.3
Fighting       | 6 8 11 15 14 | 15.4
Dodging        | 8 10 18 19 17 | 19.2
Unarmed Combat | 8 11 19 20 | 20.5

Action                   |  1- 3 |  4- 6 |  7- 9 | 10-12 || total
-------------------------+-------+-------+-------+-------++-------
Melee: Unarmed           |     5 |     4 |    27 |   142 ||   178
       Bite              |     2 |       |     4 |    22 ||    28
       Punch             |       |       |     2 |    13 ||    15
Invok: Berserk           |     2 |       |     1 |     5 ||     8
       Brothers in Arms  |       |       |     5 |     5 ||    10
       Trog's Hand       |       |       |       |     4 ||     4
 Abil: Evoke Flight      |       |       |       |     4 ||     4
Evoke: Wand              |       |       |       |     1 ||     1
  Use: Potion            |     1 |       |     1 |     2 ||     4
       Scroll            |       |       |     1 |     7 ||     8
 Stab: Sleeping          |       |     4 |    10 |    23 ||    37
       Distracted        |       |       |       |     1 ||     1
  Eat: Chunk             |       |     6 |     6 |     8 ||    20
Armor: Skin              |       |       |     1 |     4 ||     5
Dodge: Dodged            |     1 |       |     9 |   158 ||   168
